[Event "Czech Open Rapid G1 2024"]
[Site "Pardubice"]
[Date "2024.07.18"]
[Round "8.8"]
[White "Abdulov, Orkhan"]
[Black "Prokofiev, Valentyn"]
[Result "1/2-1/2"]
[Annotator "RC"]
[ECO "B41"]
[WhiteElo "2382"]
[BlackElo "2337"]
[PlyCount "160"]
[EventDate "2024.07.16"]
[EventType "swiss"]
[EventCountry "CZE"]
[SourceTitle "playchess.com"]
[Source "ChessBase"]
[SourceQuality "1"]
[TimeControl "1200+10"]

1. e4 c5 2. Nf3 e6 3. d4 cxd4 4. Nxd4 a6 5. c4 Qc7 6. a3 b6 7. Be3 Bb7 8. Nc3 Nf6 9. f3 Nc6 10. Rc1 Nxd4 11. Bxd4 Bc5 12. b4 Bxd4 13. Qxd4 d6 14. Be2 O-O 15. O-O Rab8 16. Rfd1 Rfd8 17. Rd2 Ne8 18. Rcd1 Rdc8 19. Rc1 Rd8 20. f4 Ba8 21. Rd3 Qe7 22. Rg3 Rdc8 23. Rd1 Rd8 24. Qe3 Bc6 25. Rf1 Kh8 26. Bd3 b5 27. cxb5 Bxb5 28. Nxb5 axb5 29. e5 g6 30. Rh3 f5 31. exf6 Qxf6 32. Rh6 Kg8 33. Qg3 Rd7 34. f5 exf5 35. Bxf5 Rf7 36. Qe3 Ng7 37. Bd3 Qe7 38. Qxe7 Rxe7 39. Rh4 Re5 40. Re4 Ra8 41. Rxe5 dxe5 42. Bxb5 Nf5 43. a4 Nd4 44. Bc4+ Kh8 45. a5 Nc2 46. Rb1 Rb8 47. a6 Na3 48. Bd5 Nxb1 49. a7 Rf8 50. a8=Q Rxa8 51. Bxa8 Na3 52. Bc6 Kg7 53. Kf2 Kf6 54. b5 Nc4 55. Bd5 Nb6 56. Bg8 h6 57. Ke3 Ke7 58. Ba2 Kd6 59. Bf7 g5 60. Ke4 Na4 61. Kf5 Nc3 62. Kg6 e4 63. Kxh6 g4 64. Kg5 e3 65. Bc4 Kc5 66. Bf1 Nxb5 67. Kxg4 Nd4 68. Kg5 Kd6 69. Kf6 e2 70. Bxe2 Nxe2 71. g4 Nf4 72. h4 Nd5+ 73. Kf7 Ke5 74. h5 Nf6 75. h6 Nh7 76. Kg6 Nf8+ 77. Kg7 Ne6+ 78. Kf7 Ng5+ 79. Kg6 Kf4 80. Kh5 Nh7 1/2-1/2

[Event "Czech Open Rapid G1 2024"]
[Site "Pardubice"]
[Date "2024.07.18"]
[Round "8.9"]
[White "Lalic, Bogdan"]
[Black "Movsesian, Julia"]
[Result "1/2-1/2"]
[Annotator "RC"]
[ECO "A39"]
[WhiteElo "2348"]
[BlackElo "2202"]
[PlyCount "61"]
[EventDate "2024.07.16"]
[EventType "swiss"]
[EventCountry "CZE"]
[SourceTitle "playchess.com"]
[Source "ChessBase"]
[SourceQuality "1"]
[TimeControl "1200+10"]

1. c4 c5 2. Nf3 Nc6 3. Nc3 Nf6 4. g3 g6 5. d4 cxd4 6. Nxd4 Bg7 7. Bg2 O-O 8. O-O Nxd4 9. Qxd4 d6 10. Qd3 Qa5 11. h3 Rb8 12. Bd2 Bf5 13. e4 Bd7 14. Nb5 Qa6 15. a4 Rfc8 16. Rfc1 Be6 17. b3 Nd7 18. Ra2 Ra8 19. Qb1 Qb6 20. a5 Qd8 21. a6 bxa6 22. Rxa6 Nc5 23. Rxa7 Rxa7 24. Nxa7 Ra8 25. Nb5 f5 26. e5 Bxe5 27. Bxa8 Qxa8 28. Nc7 Qf3 29. Qa2 Bd4 30. Qa8+ Qxa8 31. Nxa8 1/2-1/2

[Event "Czech Open Rapid G1 2024"]
[Site "Pardubice"]
[Date "2024.07.18"]
[Round "8.10"]
[White "Jirka, Jiri"]
[Black "Jurek, Josef"]
[Result "1/2-1/2"]
[Annotator "TA"]
[ECO "E08"]
[WhiteElo "2387"]
[BlackElo "2200"]
[PlyCount "53"]
[EventDate "2024.07.16"]
[EventType "swiss"]
[EventCountry "CZE"]
[SourceTitle "playchess.com"]
[Source "ChessBase"]
[SourceQuality "1"]
[TimeControl "1200+10"]

1. d4 Nf6 2. c4 e6 3. g3 d5 4. Bg2 Be7 5. Nf3 O-O 6. O-O Nbd7 7. Qc2 a5 8. Bf4 c5 9. Nc3 b6 {[%emt 0:02:33] White is slightly better.} 10. cxd5 exd5 11. Rfd1 {[%emt 0:01:29] Ng5 is the strong threat. White is much more active.} (11. Ng5 $5 h6 12. Nxd5 $16) 11... Bb7 12. Ne5 ({Better is} 12. e3 $14) 12... cxd4 $1 $11 13. Rxd4 Bc5 14. Rd2 Nxe5 15. Bxe5 Bxf2+ $1 16. Kxf2 Ng4+ 17. Kg1 Nxe5 18. Nxd5 {[%emt 0:00:12] aiming for Nc7.} Qg5 19. Rf1 (19. Qc3 $11 Rac8 20. Qe3 Qxe3+ 21. Nxe3 Bxg2 22. Kxg2) 19... Bxd5 (19... Rac8 $17 20. Qd1 Nc4) 20. Rxd5 $15 Qe3+ 21. Kh1 Rac8 22. Qf5 Rc5 ({Black should try} 22... Rfe8 $15 23. Qe4 Qxe4 24. Bxe4 Nc4) 23. Qf4 (23. Be4 $11 Ng6 24. Rxc5 bxc5 25. h4) 23... Qxe2 $17 24. Rf2 Qe1+ 25. Rf1 Qe2 26. Rf2 $1 {[%emt 0:00:11] [#]} Qe1+ (26... Qb5 $1 $17 27. a4 Qe8) 27. Rf1 {[%emt 0:00:07] Weighted Error Value: White=0.23 (precise) /Black=0.27 (precise) .  Mistake:       	White=3     	Black=3      Inaccurate:     	White=1     	---        OK:         	White=4     	Black=5      Best:        	White=4     	Black=5      Strong:       	White=1     	Black=2} 1/2-1/2

[Event "Czech Open Rapid G1 2024"]
[Site "Pardubice"]
[Date "2024.07.18"]
[Round "8.11"]
[White "Vrana, Frantisek"]
[Black "Rasik, Vitezslav"]
[Result "1/2-1/2"]
[Annotator "TA"]
[ECO "A41"]
[WhiteElo "2147"]
[BlackElo "2415"]
[PlyCount "66"]
[EventDate "2024.07.16"]
[EventType "swiss"]
[EventCountry "CZE"]
[SourceTitle "playchess.com"]
[Source "ChessBase"]
[SourceQuality "1"]
[TimeControl "1200+10"]

1. d4 d6 2. Nf3 g6 3. Bf4 Bg7 4. e3 Nd7 5. h3 e5 6. Bh2 Ne7 7. Nbd2 O-O 8. Be2 Nf5 9. c3 {[%emt 0:01:05] The position is equal.} b6 10. Qa4 a6 11. O-O Bb7 12. Rfd1 e4 13. Ne1 Ne7 14. Qb3 Kh8 15. a4 a5 16. Qc2 f5 17. b4 g5 18. bxa5 bxa5 19. Rdb1 Bc8 20. Ra3 d5 21. c4 c6 22. cxd5 cxd5 23. Bc7 {[%emt 0:01:43] White has more active pieces.} Qe8 24. f4 exf3 25. Ndxf3 g4 26. hxg4 fxg4 27. Ng5 {[%emt 0:00:02][%csl Gg5,LRg4,LRh7][%cal Rc2h7] [#]} Nf6 {[%emt 0:00:12] Strongly threatening ...h6.} 28. Rb6 (28. Bd6 $17) 28... Qh5 (28... Nf5 $19 {[%cal Oe8h5] ...Qh5! would now be deadly.} 29. Rc3 h6 (29... Nxe3 30. Qd2 $15)) 29. Ne6 $2 (29. Bf4 $17 {is a better chance.}) 29... Bxe6 $19 30. Rxe6 Nf5 {[%emt 0:00:25] aiming for ...Rac8.} 31. Qd1 Rae8 (31... Qh4 $142 32. Bd3 Nh5 33. Bxf5 Rxf5) 32. Re5 $2 {[%emt 0:00:37] [#]} (32. Rxe8 Rxe8 33. Bf4) 32... Qg6 $2 (32... Rxe5 $19 {is more deadly.} 33. Bxe5 Qh4) 33. Bb5 $2 (33. Rxe8 $17 Qxe8 (33... Rxe8 $2 34. Bd3 $17) 34. Bf4) 33... Rxe5 {[%emt 0:00:23][%mdl 32768] Weighted Error Value: White=0.79/Black=0.54.  Loses game:     	White=2     	---        Missed win:     	---       	Black=1      Mistake:       	White=2     	Black=2      Inaccurate:     	White=3     	Black=1      OK:         	White=8     	Black=9      Best:        	---       	Black=2     . An unexpected result.} 1/2-1/2

[Event "Czech Open Rapid G1 2024"]
[Site "Pardubice"]
[Date "2024.07.18"]
[Round "8.12"]
[White "Berin, Artem"]
[Black "Konopka, Michal"]
[Result "0-1"]
[Annotator "RC"]
[ECO "D82"]
[WhiteElo "2234"]
[BlackElo "2326"]
[PlyCount "144"]
[EventDate "2024.07.16"]
[EventType "swiss"]
[EventCountry "CZE"]
[SourceTitle "playchess.com"]
[Source "ChessBase"]
[SourceQuality "1"]
[TimeControl "1200+10"]

1. d4 Nf6 2. c4 g6 3. Nc3 d5 4. Bf4 Bg7 5. e3 c5 6. dxc5 Qa5 7. Rc1 dxc4 8. Bxc4 O-O 9. Nge2 Na6 10. Bxa6 bxa6 11. O-O Qxc5 12. Qa4 a5 13. Rfd1 Qb4 14. a3 Qxa4 15. Nxa4 Be6 16. Nc5 Nd5 17. Nxe6 fxe6 18. Rd2 Rfc8 19. Rcd1 Nxf4 20. Nxf4 Kf7 21. Kf1 Rab8 22. Nd3 Rb3 23. e4 g5 24. g4 Rc4 25. f3 Bd4 26. Nc1 Rxc1 27. Rxc1 Be3 28. Rcc2 Bxd2 29. Rxd2 Rxf3+ 30. Kg2 Rb3 31. Re2 e5 32. Kf2 Ke6 33. Rd2 Rh3 34. Kg2 Re3 35. Rd5 a4 36. Ra5 Rxe4 37. Kg3 Re3+ 38. Kg2 Rb3 39. Rxa4 Rxb2+ 40. Kg3 Rb3+ 41. Kf2 Rb7 42. Ra5 h6 43. Kf3 Kf6 44. Ra6+ e6 45. Ra4 Rb3+ 46. Kf2 e4 47. Rxa7 Ke5 48. Ra6 Kf4 49. Rxe6 Rxa3 50. Rxh6 Ra2+ 51. Kf1 Kxg4 52. Re6 Rxh2 53. Kg1 Kf5 54. Re8 Rb2 55. Kf1 g4 56. Rf8+ Ke5 57. Kg1 e3 58. Kf1 Ke4 59. Rg8 Kf3 60. Rf8+ Kg3 61. Rg8 Rf2+ 62. Ke1 Kf3 63. Rf8+ Kg2 64. Re8 e2 65. Rg8 g3 66. Rg7 Kh2 67. Rh7+ Kg1 68. Rg7 g2 69. Rh7 Rf1+ 70. Kxe2 Rf6 71. Ra7 Rh6 72. Kf3 Kh1 0-1

[Event "Czech Open Rapid G1 2024"]
[Site "Pardubice"]
[Date "2024.07.18"]
[Round "8.13"]
[White "Cerveny, Martin"]
[Black "Shilon Rahav, Eliran"]
[Result "1-0"]
[Annotator "RC"]
[ECO "D31"]
[WhiteElo "2325"]
[BlackElo "2055"]
[PlyCount "35"]
[EventDate "2024.07.16"]
[EventType "swiss"]
[EventCountry "CZE"]
[SourceTitle "playchess.com"]
[Source "ChessBase"]
[SourceQuality "1"]
[TimeControl "1200+10"]

1. d4 d5 2. c4 e6 3. Nc3 c6 4. e4 dxe4 5. Nxe4 Bb4+ 6. Bd2 Qxd4 7. Bxb4 Qxe4+ 8. Be2 Na6 9. Bd6 Bd7 10. Nf3 O-O-O 11. O-O Be8 12. Re1 c5 13. Bd3 Qc6 14. Bg3 Nb4 15. Ne5 Qa6 16. Qe2 Nxd3 17. Nxd3 Qxc4 18. Qe5 1-0

[Event "Czech Open Rapid G1 2024"]
[Site "Pardubice"]
[Date "2024.07.18"]
[Round "8.14"]
[White "Fishchuk, Vladyslav"]
[Black "Bures, Jaroslav"]
[Result "1/2-1/2"]
[Annotator "TA"]
[ECO "A00"]
[WhiteElo "2234"]
[BlackElo "2418"]
[PlyCount "79"]
[EventDate "2024.07.16"]
[EventType "swiss"]
[EventCountry "CZE"]
[SourceTitle "playchess.com"]
[Source "ChessBase"]
[SourceQuality "1"]
[TimeControl "1200+10"]

1. Nc3 c5 2. Nf3 g6 3. d4 cxd4 4. Qxd4 Nf6 5. Qh4 Nc6 6. e4 {[%emt 0:00:03] A00: Irregular Openings.} d6 7. Bc4 h5 $146 ({Predecessor:} 7... Qa5 8. O-O Bg7 9. Bh6 O-O 10. Ng5 e6 11. Rad1 Ne5 12. Bb3 Bxh6 13. Qxh6 Neg4 {0-1 Grafl,F (2353)-Donchenko,A (2648) GER-ch Net blitz qual5 2020 (9)}) 8. Bg5 Bg7 9. O-O-O Qb6 (9... Nh7 $11) 10. Bb3 ({White should play} 10. Rxd6 $1 $16 Qc5 11. Bxf6 Bxf6 12. Rxf6 Qxc4 13. Rf4) 10... Na5 (10... Be6 $14) 11. Nd5 $2 (11. Ba4+ $16 {stays on course.} Nc6 12. h3) 11... Nxb3+ 12. axb3 Nxd5 13. exd5 Bf5 (13... O-O {simplifies} 14. Be3 Qc7 15. Qc4 Qxc4 16. bxc4 Bg4) 14. Nd4 (14. Bxe7 $2 Rc8 (14... Qc7 $2 15. Rd2 $19) 15. Qa4+ Kxe7 $19) 14... Bg4 15. f3 $1 Bxd4 16. fxg4 Rc8 17. Kb1 (17. Bxe7 $2 Qxb3 (17... hxg4 18. Qxg4 Be3+ 19. Kb1 $19) 18. Rd2 Qxb2+ (18... Qxd5 $2 19. Re1 $18) 19. Kd1 Qa1+ 20. Ke2 Qxh1 $19) 17... Qc5 18. Rd2 (18. Bxe7 $2 Qxc2+ 19. Ka2 Qxb2#) (18. c3 $11 {keeps the balance.} Be5 19. Rhe1 (19. Bxe7 $2 hxg4 20. Qxg4 Kxe7 $19) 19... hxg4 20. Qxg4) 18... f6 $17 19. gxh5 (19. Re1 $17 {keeps fighting.} fxg5 20. Qxg5) 19... Bxb2 $2 (19... Be5 $1 $19 20. Bf4 g5 (20... gxh5 21. Bxe5 fxe5 22. Qh3 $16) (20... Rxh5 21. Qg3 $17) 21. Bxg5 fxg5 22. Qxg5 Kd7) 20. Kxb2 $15 Rxh5 21. Qa4+ (21. Qe4 $1 $15 Rxg5 22. Re2) 21... b5 $17 22. Qe4 Qc3+ 23. Kb1 Rxg5 24. Re1 Rc7 (24... Qxd2 25. Qxe7#) 25. Rde2 {[%emt 0:00:01] [#]} Kf8 (25... Qe5 $1 $17 {[%cal Re5e4] aiming for ...Qxe4.} 26. Qh4 Rh5 (26... Qxd5 27. Qh8+ Kd7 28. Rxe7+ Kc6 29. Rxc7+ Kxc7 30. Re7+ Kb6 31. Qb8+ Ka5 32. Qxa7+ Kb4 33. Kb2)) 26. h4 $15 Rg3 ({Black should try} 26... f5 $1 $15 27. Qf4 Rg4 28. Qh6+ Qg7 29. Qxg7+ Kxg7 30. Rxe7+ Rxe7 31. Rxe7+ Kh6) 27. Qf4 $1 $11 Rxg2 28. Qh6+ Kg8 29. Rxg2 Qxe1+ 30. Ka2 g5 31. hxg5 Qa5+ $1 (31... Qe4 32. g6 e6 (32... Qxg2 33. Qh7+ Kf8 34. Qh8#) (32... Rxc2+ 33. Ka3 b4+ 34. Ka4) 33. g7 Rxc2+ (33... Qxg2 34. Qh8+ Kf7 35. Qf8+ Kg6 36. g8=Q+ Kh5 37. Qxg2) 34. Ka3 b4+ (34... Rxg2 $2 35. Qh8+ Kf7 36. Qf8+ Kg6 37. g8=Q+ Kf5 38. Qh7+ Rg6 39. Qfh6 $18) 35. Ka4 Rxg2 36. Qh8+ (36. Qxf6 $2 Ra2+ 37. Kb5 Qxd5+ 38. Kxb4 Qc5#) 36... Kf7 37. Qf8+ Kg6 38. g8=Q+ (38. g8=R+ $2 Kf5 $19) 38... Kf5 39. Qh7+ Ke5 40. Qxe4+ (40. Qxa7 Ra2+ 41. Kb5 Rxa7 42. Qc8 Qxd5+ 43. Kxb4 Qa5+ 44. Kc4 Qb6) 40... Kxe4 41. dxe6 $18) 32. Kb1 (32. Kb2 $5 Qc3+ $8 33. Kb1 Qe1+ 34. Ka2 Qa5+ (34... Qe4 $2 35. g6 $18) 35. Kb2 Qc3+ 36. Kb1 Qe1+ 37. Ka2 $11) 32... Qe1+ 33. Ka2 Qe4 $2 {[%emt 0:00:08][%mdl 8192] [#]} (33... Qa5+ $11 34. Kb1 Qe1+ 35. Ka2) 34. Qh2 $2 (34. g6 $1 $18 {Intending Qh7+ and mate.} e6 35. g7 Rxc2+ 36. Ka3 Rxg2 37. Qh8+ (37. Qxf6 {leads to mate.} b4+ 38. Ka4 Ra2+ 39. Kb5 Qxd5+ 40. Kxb4 Qc5#) 37... Kf7 38. Qf8+ Kg6 39. g8=Q+ (39. g8=R+ $2 Kf5 $19) 39... Kf5 40. Qh7+ Ke5 41. Qxe4+ (41. Qxa7 b4+ 42. Ka4 Ra2+ 43. Kb5 Rxa7 44. Qc8 Qxd5+ 45. Kxb4 Qa5+ 46. Kc4 Qb6) 41... Kxe4 42. dxe6) 34... fxg5 $1 $11 (34... Qxd5 $2 {loses.} 35. gxf6+ $18) ({Avoid the trap} 34... f5 $2 35. g6 e5 36. dxe6 $18) 35. Rxg5+ Kf7 36. Qh5+ Kf6 37. Qh6+ Kf7 38. Qh5+ Kf6 39. Qh6+ Kf7 40. Qh5+ 1/2-1/2

[Event "Czech Open Rapid G1 2024"]
[Site "Pardubice"]
[Date "2024.07.18"]
[Round "8.15"]
[White "Kusa, Jakub"]
[Black "Ludvik, Tomas"]
[Result "1-0"]
[Annotator "TA"]
[ECO "E09"]
[WhiteElo "2423"]
[BlackElo "2210"]
[PlyCount "117"]
[EventDate "2024.07.16"]
[EventType "swiss"]
[EventCountry "CZE"]
[SourceTitle "playchess.com"]
[Source "ChessBase"]
[SourceQuality "1"]
[TimeControl "1200+10"]

1. d4 d5 2. Nf3 Nf6 3. c4 e6 4. g3 Bb4+ 5. Bd2 Be7 6. Bg2 O-O 7. O-O c6 8. Qc2 Nbd7 9. Bf4 Nh5 10. Bc1 Nhf6 11. Nbd2 b6 12. e4 Bb7 13. e5 Ne8 14. cxd5 cxd5 15. Nb1 Nc7 16. h4 h6 17. Be3 {[%emt 0:00:24] White is slightly better.} a5 18. Nc3 Ba6 19. Rfc1 b5 20. Ne2 Rc8 21. Nf4 Re8 (21... Nb6 $142) 22. Nh2 $16 {[%emt 0:01:19] White is much more active.} Na8 (22... b4 $16 {was necessary.}) 23. Qe2 $18 Nab6 24. Rxc8 Qxc8 25. Rc1 Qb7 (25... Qa8 $16) 26. Qg4 {[%emt 0:01:07][%cal Of4e6] Nxe6! is the strong threat.} Bf8 27. Nh5 {[%emt 0:00:57][%cal Oh5g7] Strongly threatening Nxg7!} Kh7 28. b3 $2 (28. Qf3 $18) 28... Rc8 (28... b4 $16) 29. Qf4 (29. Re1 $1 $18 {has better winning chances.}) 29... Rxc1+ 30. Bxc1 Kg8 31. Ng4 ({White has to play} 31. Qg4 $16 g6 32. Be3) 31... b4 $11 32. Bf3 Qc7 33. Nxg7 Bxg7 34. Nxh6+ Bxh6 35. Qxh6 Qc2 36. Bh5 Qd3 {[%emt 0:00:59] And now ...Qf1+ would win.} 37. Qg5+ Kh7 (37... Kf8 $1 $11 {remains equal.} 38. Qd8+ Kg7 39. Qg5+ Kf8 40. Qd8+ Kg7 41. Qg5+ Kf8) 38. Be3 $40 {[%emt 0:00:26][%mdl 1152] White has strong compensation. White attacks with force. Dancing on a razor blade.} (38. Bxf7 $2 Qf1+ (38... Qxd4 39. Qh6#) 39. Kh2 Qxf2+ 40. Kh1 Qxf7 $19) 38... Qb1+ (38... Qf5 $16 {is a better defense.}) 39. Kh2 $18 Qf5 40. Qh6+ (40. Qxf5+ $6 exf5 41. Bxf7 Kg7 $18) 40... Kg8 41. g4 Qh7 42. Qg5+ ({Only move:} 42. Qxh7+ $1 $18 Kxh7 43. Bxf7) 42... Kf8 $2 (42... Qg7 $11 43. Qd8+ Qf8 44. Qg5+ Kh8) 43. Qd8+ Kg7 {[%emt 0:00:01] [#]} 44. Bg5 $1 {[%emt 0:00:30] Threatening mate with Bf6+.} Qg8 {[%emt 0:00:19] [#]} 45. Bf6+ $1 Nxf6 46. exf6+ (46. Qxb6 Nxh5 47. Qxa6 Qd8 (47... Nf4 48. Kg3 $15) 48. gxh5 Qxh4+ 49. Kg2 Qg4+ (49... Qxd4 50. Qxa5 Qg4+ 51. Kf1 $15) (49... Qxh5 50. Qd3 $11) 50. Kf1 Qxd4 $15 (50... Qxh5 51. Qd3 $11)) 46... Kh7 47. Qxb6 {[%emt 0:00:01][%cal Ob6c7][%mdl 4096] Endgame. Intending Qc7! and mate. KQB-KQB} Bd3 48. Qc7 ({Weaker is} 48. Qxa5 Qb8+ 49. Kg1 Be4 $14) 48... Bg6 49. Qe5 (49. Qxa5 Bxh5 50. gxh5 Qg4 $16) 49... Be4 50. Qf4 {[%emt 0:02:21] Qc7 would now be deadly.} Bg6 51. Qg5 (51. Bxg6+ $142 Qxg6 52. Qg5) 51... Qb8+ 52. Kh3 {[%emt 0:00:12] White mates.} Qc7 53. Bxg6+ fxg6 {[%emt 0:00:01] KQ-KQ} 54. h5 Qc3+ 55. Kh4 Qc2 56. Qxg6+ Qxg6 57. hxg6+ Kxg6 58. g5 e5 59. Kg4 {[%emt 0:00:15] Weighted Error Value: White=0.43/Black=0.66.  Loses game:     	---       	Black=3      Missed win:     	White=2     	---        Mistake:       	White=2     	Black=6      Inaccurate:     	---       	Black=4      OK:         	White=13    	Black=9      Best:        	White=5     	---} 1-0

[Event "Czech Open Rapid G1 2024"]
[Site "Pardubice"]
[Date "2024.07.18"]
[Round "8.16"]
[White "Mica, Marek"]
[Black "Ptacek, Lubos"]
[Result "1-0"]
[Annotator "TA"]
[ECO "A20"]
[WhiteElo "2375"]
[BlackElo "2036"]
[PlyCount "83"]
[EventDate "2024.07.16"]
[EventType "swiss"]
[EventCountry "CZE"]
[SourceTitle "playchess.com"]
[Source "ChessBase"]
[SourceQuality "1"]
[TimeControl "1200+10"]

1. a3 e5 2. c4 Nf6 3. d3 Nc6 4. b4 d6 5. g3 Be7 6. Bg2 O-O 7. Nc3 Nd4 8. e3 {[%emt 0:00:09] The position is equal.} Ne6 9. Bb2 c6 10. Nge2 h6 11. Qb3 Nc7 12. h3 Be6 13. O-O d5 14. cxd5 Nfxd5 (14... cxd5 $11 15. Qc2 Bd6) 15. Nxd5 Nxd5 16. Qc2 (16. Bxe5 $2 Nf4 (16... Nxe3 17. Qc3 $17) 17. Qb2 Nxd3 $19 (17... Nxh3+ 18. Kh2 $16)) 16... Bd6 17. d4 Qc7 18. e4 (18. dxe5 $5 Bxe5 19. Nd4 $16) 18... Nb6 19. dxe5 Bxe5 20. Nd4 Rfe8 21. f4 {[%emt 0:00:11] Black must now prevent Nxe6.} Bxd4+ 22. Bxd4 Rad8 23. Rad1 Bc4 24. Rfe1 Bb5 25. Qc3 f6 26. e5 fxe5 27. Bxe5 {[%emt 0:00:01] A strong pair of Bishops.} Qf7 28. Kh2 Ba4 (28... Rxd1 $11 {keeps the balance.} 29. Rxd1 h5) 29. Rxd8 $16 Rxd8 {[%emt 0:00:02] Black is weak on the dark squares} 30. f5 {[%emt 0:02:09][%cal Bf4f5,Bf5f6][%mdl 32] Strongly threatening f6.} Nd5 (30... Re8 $1 $14) 31. Qd4 $36 {[%emt 0:00:54][%mdl 2048] White has strong initiative.} Re8 32. Re4 (32. Qxa7 $16 Bb3 33. Qf2) 32... Ne7 (32... Nf6 $14 33. Rh4 Kh7) 33. f6 {[%emt 0:04:23] White is more active.} Nf5 {[%emt 0:00:32] [#]} (33... Ng6 $14) 34. Qb2 $2 (34. Qxa7 Bc2 35. Re1 Bb3 $16) (34. Qf2 $1 $18) 34... g6 ({Better is} 34... Bb3 $1 $14) 35. Qf2 {[%emt 0:00:07][%cal Og3g4] Threatens to win with g4!} h5 (35... Bb3 $16 {might work better.}) 36. g4 $18 ({Weaker is} 36. Qxa7 Bb3 $16) 36... hxg4 37. hxg4 Nh6 {[%emt 0:00:00][%cal Oe8e5] [#] And now ...Rxe5! would win.} 38. Qf4 (38. Qxa7 $2 {is the wrong capture.} Bc2 39. Rd4 Rxe5 $19) 38... Kh7 (38... Qh7 39. Kg1 Bc2) 39. Re3 {[%emt 0:00:31] Threatening mate with Rh3.} Bc2 40. Rh3 g5 41. Qxg5 Qg6 42. Bf4 {[%emt 0:00:07] Weighted Error Value: White=0.18 (very precise) /Black=0.54.  Loses game:     	---       	Black=2      Missed win:     	White=1     	---        Mistake:       	White=1     	Black=6      Inaccurate:     	White=5     	Black=4      OK:         	White=12    	Black=10     Best:        	White=3     	---} (42. Qf4 $142 Rf8 43. g5) 1-0

[Event "Czech Open Rapid G1 2024"]
[Site "Pardubice"]
[Date "2024.07.18"]
[Round "8.17"]
[White "Jares, Michal"]
[Black "Eropunov, Gleb"]
[Result "1-0"]
[Annotator "RC"]
[ECO "B41"]
[WhiteElo "2382"]
[BlackElo "2190"]
[PlyCount "99"]
[EventDate "2024.07.16"]
[EventType "swiss"]
[EventCountry "CZE"]
[SourceTitle "playchess.com"]
[Source "ChessBase"]
[SourceQuality "1"]
[TimeControl "1200+10"]

1. e4 c5 2. Nf3 e6 3. d4 cxd4 4. Nxd4 a6 5. c4 Nf6 6. Bd3 Nc6 7. Be3 Bb4+ 8. Nd2 Ne5 9. Be2 Nxe4 10. O-O Nxd2 11. Bxd2 Bxd2 12. Qxd2 d5 13. cxd5 Qxd5 14. Rfd1 O-O 15. Qf4 Ng6 16. Qc7 Qg5 17. Nf3 Qf6 18. b3 e5 19. Rd6 Be6 20. Rad1 Nf4 21. Bf1 e4 22. Nd4 Qg5 23. g3 Nh3+ 24. Kg2 Bg4 25. Be2 Bxe2 26. Nxe2 Qg4 27. Rd8 h5 28. Ng1 Nf4+ 29. Kf1 Nd3 30. Rxf8+ Rxf8 31. Qc2 Qf5 32. Kg2 h4 33. Qe2 Rc8 34. Rd2 Rc1 35. Qe3 Ne1+ 36. Kh1 Nf3 37. Rd8+ Kh7 38. Qxc1 hxg3 39. fxg3 Qh5 40. Nxf3 Qxf3+ 41. Kg1 e3 42. Qc2+ g6 43. Qb2 f6 44. Qg2 Qf5 45. Qxb7+ Kh6 46. Rh8+ Kg5 47. h4+ Kg4 48. Qg2 Qc5 49. Kh2 f5 50. Qe2# 1-0

[Event "Czech Open Rapid G1 2024"]
[Site "Pardubice"]
[Date "2024.07.18"]
[Round "8.18"]
[White "Seger, Ruediger"]
[Black "Dehmel, Jens"]
[Result "1/2-1/2"]
[Annotator "ChessBase"]
[ECO "C54"]
[WhiteElo "2264"]
[BlackElo "1980"]
[PlyCount "55"]
[EventDate "2024.07.16"]
[EventType "swiss"]
[EventCountry "CZE"]
[SourceTitle "playchess.com"]
[Source "ChessBase"]
[SourceQuality "1"]
[TimeControl "1200+10"]

1. e4 e5 2. Nf3 Nc6 3. Bc4 Bc5 4. c3 Nf6 5. d3 d6 6. O-O O-O 7. a4 a6 8. h3 Re8 9. Re1 Ba7 10. Nbd2 Be6 11. b4 h6 12. Bxe6 Rxe6 13. Qc2 Re8 14. Nf1 Qd7 15. Be3 Bxe3 16. Nxe3 d5 17. exd5 Nxd5 18. Nxd5 Qxd5 19. Re3 Rad8 20. Rae1 Re6 21. Qb2 b5 22. axb5 axb5 23. Rc1 e4 24. dxe4 Rxe4 25. Rxe4 Qxe4 26. Re1 Qc4 27. Nd2 Qd5 28. Nf3 1/2-1/2

[Event "Czech Open Rapid G1 2024"]
[Site "Pardubice"]
[Date "2024.07.18"]
[Round "8.19"]
[White "Kroulik, Vaclav"]
[Black "Freisler, Pavel"]
[Result "1-0"]
[Annotator "RC"]
[ECO "B03"]
[WhiteElo "1976"]
[BlackElo "2261"]
[PlyCount "102"]
[EventDate "2024.07.16"]
[EventType "swiss"]
[EventCountry "CZE"]
[SourceTitle "playchess.com"]
[Source "ChessBase"]
[SourceQuality "1"]
[TimeControl "1200+10"]

1. e4 Nf6 2. e5 Nd5 3. d4 d6 4. exd6 cxd6 5. c4 Nc7 6. Nc3 g6 7. Nf3 Bg7 8. Be3 O-O 9. Be2 d5 10. c5 Nc6 11. Qd2 Bg4 12. Rd1 b6 13. cxb6 axb6 14. O-O e6 15. h3 Bxf3 16. Bxf3 b5 17. Rc1 Qd7 18. Be2 Rfb8 19. b3 b4 20. Na4 Nb5 21. Bxb5 Rxb5 22. Rc2 Rc8 23. Rfc1 Rbb8 24. Nc5 Qd6 25. Na6 Rb6 26. Nxb4 Rxb4 27. Rxc6 Rxc6 28. Rxc6 Qxc6 29. Qxb4 h6 30. Qb8+ Kh7 31. Qa7 f6 32. Qc5 Qa6 33. a4 f5 34. Qe7 g5 35. g3 Kg6 36. Qe8+ Kf6 37. h4 Qe2 38. hxg5+ hxg5 39. Qd8+ Kf7 40. Qd7+ Kf6 41. Bxg5+ Kxg5 42. Qxg7+ Kh5 43. Qe5 Qd1+ 44. Kg2 Qxb3 45. Qxe6 Qxa4 46. Qxf5+ Kh6 47. Qxd5 Qc2 48. Qe6+ Kg7 49. d5 Qc4 50. Qd7+ Kf6 51. Qc6+ Ke7 1-0